 Dungeon Crawl Stone Soup version 0.26.1-11-gd32895ea62 (webtiles) character file.

Game seed: 4129157306386882085

26 Tocho the Firebug (level 3, -9/31 HPs)
             Began as an Ogre Fire Elementalist on May 28, 2021.
             Mangled by a worm (11 damage)
             ... on level 2 of the Dungeon.
             The game lasted 00:03:22 (1650 turns).

Tocho the Firebug (Ogre Fire Elementalist)          Turns: 1650, Time: 00:03:23

Health: -9/31      AC:  4    Str: 12    XL:     3   Next: 8%
Magic:  1/7        EV: 10    Int: 17    God:
Gold:   72         SH:  0    Dex:  9    Spells: 6/7 levels left

rFire    . . .     SeeInvis .   g - +0 mace
rCold    . . .     Faith    .   (no shield)
rNeg     . . .     Spirit   .   a - +0 robe
rPois    .         Reflect  .   (helmet restricted)
rElec    .         Harm     .   m - +0 cloak
rCorr    .         Rampage  .   (gloves unavailable)
Will     .....                  (boots unavailable)
Stlth    ++........             (no amulet)
HPRegen  0.10/turn              (no ring)
MPRegen  0.10/turn              (no ring)

@: no status effects
A: large, unfitting armour, tough skin 1
a: no special abilities


You were on level 2 of the Dungeon.
You visited 1 branch of the dungeon, and saw 2 of its levels.

You collected 72 gold pieces.

Inventory:

Hand Weapons
 f - a +0 dagger
 g - a +0 mace (weapon)
Missiles
 d - 22 poisoned darts
 h - a throwing net
Armour
 a - a +0 robe (worn)
 m - a +0 cloak (worn)
Jewellery
 k - an uncursed amulet of faith {unknown}
Scrolls
 c - 2 scrolls of remove curse {unknown}
 i - a scroll of enchant armour {unknown}
 l - 2 scrolls of identify {unknown}
Potions
 b - 2 potions of haste {unknown}
 e - 2 potions of curing {unknown}
 j - 2 potions of lignification {unknown}


   Skills:
 + Level 0.1 Fighting
 + Level 2.1 Dodging
 + Level 1.8 Stealth
 + Level 2.7 Spellcasting
 + Level 1.0 Conjurations
 + Level 3.0 Fire Magic


You had 6 spell levels left.
You knew the following spells:

 Your Spells              Type           Power        Failure   Level
a - Foxfire               Conj/Fire      36%          8%          1

Your spell library contained the following spells:

 Spells                   Type           Power        Failure   Level
 Conjure Flame            Conj/Fire      9%           24%         3
 Inner Flame              Hex/Fire       7%           28%         3
 Sticky Flame             Conj/Fire      9%           61%         4
 Fireball                 Conj/Fire      4%           91%         5


Dungeon Overview and Level Annotations

Branches:
Dungeon (2/15)

Altars:


Innate Abilities, Weirdness & Mutations

You are too large for most types of armour.
You have tough skin. (AC +1)


Message History

The worm bites you but does no damage.
You sock the worm!
The worm is almost dead.
The worm bites you!
* * * LOW HITPOINT WARNING * * *
You barely miss the worm.
The worm is almost dead.
The worm closely misses you.
You barely miss the worm.
The worm is severely wounded.
The worm bites you but does no damage.
You hit the worm but do no damage.
The worm is severely wounded.
You barely miss the worm.
The worm is severely wounded.
The worm barely misses you.
You hit the worm but do no damage.
The worm is severely wounded.
The worm bites you!
You die...

#.# #.## ... ... #.#
#.# . #.###.## ..#
##.##...###.##
....###.............
#.....$...<.#
####.....#......#
#...@......#####
#.#w....###.#
..#..†...# ...
###.#.###.# .###
#.#. ##.. # # #. #.#
#. .# .. #


You could see a worm.

Vanquished Creatures
  A dart slug (D:1)
  A bat (D:1)
  A giant cockroach (D:1)
  6 goblins
  3 hobgoblins
  2 jackals (D:1)
  2 ball pythons (D:1)
  5 kobolds (D:1)
21 creatures vanquished.

Vanquished Creatures (others)
  49 foxfires
49 creatures vanquished.

Grand Total: 70 creatures vanquished

Notes
Turn   | Place    | Note
-------+----------+-------------------------------------------
     0 | D:1      | Tocho the Ogre Fire Elementalist began the quest for the
                  | Orb.
     0 | D:1      | Reached XP level 1. HP: 16/16 MP: 3/3
   403 | D:1      | Reached XP level 2. HP: 24/24 MP: 1/5
   822 | D:1      | Reached skill level 1 in Conjurations
  1290 | D:1      | Reached XP level 3. HP: 25/31 MP: 2/7
  1629 | D:2      | Reached skill level 3 in Fire Magic
  1645 | D:2      | HP: 1/31 [worm (10)]
  1650 | D:2      | Mangled by a worm

Illustrated notes

Levels and vault maps discovered:
D:1:      psy_arrival_wood_between_worlds, layout_loops_cross, moated_statue,
          minmay_pentomino_z4
D:2:      layout_loops_ring, minitemple

Skill      XL: |  1  2  3 |
---------------+----------+-----
Dodging        | 2 |  2.1
Conjurations   | 1 |  1.0
Fire Magic     | 3 |  3.0
Fighting       | |  0.1
Stealth        | |  1.8
Spellcasting   | |  2.7

Action                   || total
-------------------------++-------
Melee: Unarmed           ||    15
       Dagger            ||    41
       Mace              ||    21
 Cast: Foxfire           ||    41
Armor: Robe              ||    16
Dodge: Dodged            ||    51
